 Dungeon Crawl Stone Soup version 0.29-a0-207-gf982a884d8 (webtiles) character file.

Game seed: 11731206515211498509

1218 iguanaiguana the Chopper (level 8, -7/73 (88) HPs)
             Began as a Palentonga Warper on Feb 24, 2022.
             Was a Believer of Trog.
             Mangled by an orc wizard
             ... wielding a +1 dagger of electrocution
              (12 damage)
             ... on level 3 of the Dungeon.
             The game lasted 00:10:04 (3409 turns).

iguanaiguana the Chopper (Palentonga Warper)        Turns: 3409, Time: 00:10:05

HP:   -7/73 (88)    AC: 19    Str: 16 (17) XL:     8   Next: 22%
MP:   11/11         EV:  5    Int: 12 (13) God:    Trog [**....]
Gold: 194           SH:  5    Dex:  8 (10) Spells: 11/11 levels left

rFire   . . .      SeeInvis +   z - +0 lajatang
rCold   . . .      Faith    .   (shield currently unavailable)
rNeg    . . .      Spirit   .   q - +0 chain mail
rPois   .          Reflect  +   r - +0 helmet
rElec   .          Harm     .   f - +0 cloak
rCorr   .          Rampage  .   B - +0 pair of gloves {hurl}
Will    .....                   (no barding)
Stlth   ..........              i - amulet of reflection
HPRegen 0.22/turn               (no ring)
MPRegen 0.12/turn               (no ring)

@: berserking, attractive, heavily drained, curled up, very quick
A: large, rugged brown scales 3, see invisible, deformed body, roll 1, armoured
tail, reflexive curl
a: Rolling Charge, Renounce Religion, Berserk, Trog's Hand


You were on level 3 of the Dungeon.
You worshipped Trog.
Trog was pleased with you.
You visited 1 branch of the dungeon, and saw 4 of its levels.

You collected 194 gold pieces.

Inventory:

Hand Weapons
 a - a +0 hand axe
 p - a +2 flail of draining
 z - a +0 lajatang (weapon)
Missiles
 d - 4 boomerangs of dispersal (quivered)
 y - 5 boomerangs
Armour
 b - a +0 leather armour
 e - a +0 pair of gloves
 f - a +0 cloak (worn)
 q - a +0 chain mail (worn)
 r - a +0 helmet (worn)
 B - a +0 pair of gloves of hurling (worn)
Jewellery
 i - an amulet of reflection (around neck)
 n - an amulet of the acrobat
Wands
 s - a wand of charming (6)
 w - a wand of flame (17)
Scrolls
 g - a scroll of identify {@r1}
 h - a scroll of acquirement {unknown}
 j - 2 scrolls of enchant armour
 t - a scroll of amnesia {unknown}
Potions
 m - a potion of attraction
 o - a potion of magic {unknown}
 u - 2 potions of degeneration
 v - a potion of lignification {unknown}
 x - a potion of mutation {unknown}
 A - a potion of might {unknown}


   Skills:
 - Level 2.1 Fighting
 - Level 7.9 Axes
 * Level 3.1 Staves
 - Level 0.8 Throwing
 - Level 4.1 Armour
 - Level 1.7 Dodging
 - Level 2.0 Spellcasting
 - Level 3.0 Translocations


You had 11 spell levels left.
You didn't know any spells.
Your spell library contained the following spells:

 Spells                   Type           Power      Damage    Failure   Level
 Blink                    Tloc           16%        N/A       88%         2
 Gell's Gravitas          Tloc           8%         N/A       98%         3
 Lesser Beckoning         Tloc           8%         N/A       98%         3
 Teleport Other           Tloc           8%         N/A       98%         3
 Manifold Assault         Tloc           8%         N/A       100%        5


Dungeon Overview and Level Annotations

Branches:
Dungeon (4/15)
 Temple: D:4-7

Altars:
Hepliaklqana
Trog
Uskayaw
Vehumet


Innate Abilities, Weirdness & Mutations

You are completely covered in rugged brown scales. (AC +3, +7% HP)
You have supernaturally acute eyesight. (SInv)
Armour fits poorly on your strangely shaped body.
You can roll at nearby foes to attack.
You have a long armoured tail.
You curl defensively after being hit. (AC +7*)


Message History

The orc hits you but does no damage.
You feel drained.
The orc wizard hits you but does no damage.
Okay, then.
It was a potion of curing.
You feel better. The orc barely misses you.
The orc hits you but does no damage.
You feel drained. The orc wizard barely misses you.
Blink to where?
Press: ? - help, Dir - move target
As you read the scroll of blinking {@r4}, it crumbles to dust.
The orc wizard is attracted toward you. The orc is attracted toward you.
There is a stone staircase leading up here.
The orc wizard points at you and mumbles some strange words.
You resist with some effort. The orc hits you but does no damage.
The orc is attracted toward you.
You climb upwards.
There is a stone staircase leading down here.
You closely miss the orc wizard.
The orc wizard is severely wounded.
The orc wizard barely misses you. The orc hits you with a +0 whip.
* * * LOW HITPOINT WARNING * * *
You barely miss the orc wizard.
The orc wizard is severely wounded.
The orc wizard hits you but does no damage.
The orc hits you with a +0 whip.
* * * LOW HITPOINT WARNING * * *
Okay, then.
Okay, then.
Okay, then.
As you read the scroll labelled AREEPH QUOCWYE, it crumbles to dust.
It is a scroll of identify.
j - 2 scrolls of enchant armour The orc wizard hits you but does no damage.
You block the orc's attack.
It was a potion of berserk rage.
A red film seems to cover your vision as you go berserk!
You feel yourself moving faster!
You feel mighty!
The orc wizard hits you with a +1 dagger of electrocution.
* * * LOW HITPOINT WARNING * * *
You are electrocuted!
You die...

......#.........#######
......#...........###
......'.....#)......#
......####....##..#.#
##.......#.##.##.##.#
####.....#.##.##....#
...รท........#.#######
###......##......#
......)...'....o@#
###......##....o.#
.##......##......#
.##.#...###......#
.'..)............#
[##.#.#.###..#.###
.##.#.#.# ##.#.#
.##.#.#.####.#.#
###.#.#.#....#.#


You could see an orc wizard (invisible) and an orc.

Vanquished Creatures
  Grinder (D:3)
  Sigmund (D:3)
  Pargi (D:3)
  A black bear (D:4)
  3 ogres (D:4)
  A bullfrog skeleton (D:4)
  2 hounds (D:4)
  2 iguanas (D:4)
  Ijyb (D:3)
  Terence (D:2)
  Natasha (thrice) (D:3)
  A hound skeleton (D:4)
  Robin (D:2)
  3 gnolls (D:3)
  5 adders
  3 orcs (D:4)
  3 bats
  4 endoplasms (D:4)
  2 giant cockroaches (D:2)
  14 goblins
  7 hobgoblins
  A quokka (D:2)
  7 ball pythons
  3 frilled lizards
  10 kobolds
  2 rats
83 creatures vanquished.

Vanquished Creatures (others)
  A kobold (D:4)
1 creature vanquished.

Grand Total: 84 creatures vanquished

Notes
Turn   | Place    | Note
-------+----------+-------------------------------------------
     0 | D:1      | iguanaiguana the Palentonga Warper began the quest for the
                  | Orb.
     0 | D:1      | Reached XP level 1. HP: 17/17 MP: 3/3
   316 | D:1      | Found a faded altar of an unknown god.
   323 | D:1      | Prayed at the altar of an unknown god.
   323 | D:1      | Became a worshipper of Trog the Wrathful
   323 | D:1      | Reached * piety under Trog
   377 | D:1      | Reached XP level 2. HP: 20/23 MP: 5/5
   481 | D:1      | Reached skill level 1 in Armour
  1100 | D:2      | Noticed Terence
  1109 | D:2      | Killed Terence
  1110 | D:2      | Reached skill level 3 in Axes
  1110 | D:2      | Reached XP level 3. HP: 16/28 MP: 6/6
  1284 | D:2      | Found a radiant altar of Vehumet.
  1336 | D:2      | Noticed Robin
  1341 | D:2      | Killed Robin
  1342 | D:2      | Reached XP level 4. HP: 29/35 MP: 7/7
  1353 | D:2      | Reached ** piety under Trog
  1693 | D:3      | Noticed Ijyb
  1704 | D:3      | Killed Ijyb
  1705 | D:3      | Reached skill level 4 in Axes
  1705 | D:3      | Noticed Pargi
  1712 | D:3      | Killed Pargi
  1713 | D:3      | Reached XP level 5. HP: 40/40 MP: 8/8
  1801 | D:3      | Noticed Natasha
  1803 | D:3      | Killed Natasha
  1804 | D:3      | Reached skill level 5 in Axes
  1863 | D:3      | Noticed Natasha
  1874 | D:3      | Killed Natasha
  1904 | D:3      | Noticed Grinder
  1936 | D:3      | Noticed Natasha
  1941 | D:3      | Killed Natasha
  1942 | D:3      | Reached XP level 6. HP: 43/47 MP: 9/9
  1948 | D:3      | Killed Grinder
  1949 | D:3      | Reached skill level 6 in Axes
  2227 | D:3      | Noticed Sigmund
  2252 | D:3      | Killed Sigmund
  2253 | D:3      | Gained mutation: You curl defensively after being hit. (AC
                  | +7*) [Palentonga growth]
  2253 | D:3      | Reached XP level 7. HP: 53/53 MP: 10/10
  2448 | D:4      | Reached skill level 7 in Axes
  2813 | D:4      | Reached XP level 8. HP: 59/59 MP: 11/11
  2864 | D:4      | Found a hazy altar of Hepliaklqana.
  2938 | D:4      | Found a hide-covered altar of Uskayaw.
  3220 | D:4      | Reached skill level 1 in Staves
  3409 | D:3      | Mangled by an orc wizard

Illustrated notes

Levels and vault maps discovered:
D:1:      denvon_arrival_planthouse, layout_basic,
          dreamdust_ecumenical_altar_hidden_monk_grotto
D:2:      layout_basic, basic_altar, uniq_robin, uniq_terence
D:3:      layout_basic, uniq_sigmund, uniq_ijyb, uniq_pargi, uniq_natasha,
          uniq_grinder
D:4:      layout_basic, mainiacjoe_overflow_tiny_flanked,
          eat_drink_and_be_merry_uskayaw

Skill      XL: |  1  2  3  4  5  6  7  8 |
---------------+-------------------------+-----
Armour         | 1 2 3 4 |  4.1
Axes           | 3 4 5 6 7 |  7.9
Staves         | 3 |  3.1
Fighting       | |  2.1
Throwing       | |  0.8
Dodging        | |  1.7
Spellcasting   | |  2.0
Translocations | |  3.0

Action                   |  1- 3 |  4- 6 |  7- 9 || total
-------------------------+-------+-------+-------++-------
Melee: Hand axe          |    84 |    16 |       ||   100
       Tailslap          |     8 |    10 |    12 ||    30
       Flail             |       |    52 |    57 ||   109
       Lajatang          |       |       |    48 ||    48
Throw: Boomerang         |     1 |       |       ||     1
Invok: Berserk           |     1 |     5 |     2 ||     8
 Abil: Rolling Charge    |    22 |     8 |    15 ||    45
  Use: Potion            |       |       |     4 ||     4
       Scroll            |       |       |     2 ||     2
Armor: Leather armour    |    23 |       |       ||    23
       Chain mail        |     7 |    30 |    65 ||   102
Dodge: Dodged            |    22 |     9 |    29 ||    60
Block: Other             |    10 |    10 |    25 ||    45
       Reflection        |       |       |     1 ||     1

Table legend: (Time is in decaauts)
 A = Elapsed time spent in this place.
 B = Non-inter-level travel time spent in this place.
 C = Inter-level travel time spent in this place.
 D = Time resting spent in this place.
 E = Time spent auto-exploring this place.
 F = Levels seen in this place.
 G = Mean time per level.
                   A        B        C        D        E       F      G
               +--------+--------+--------+--------+--------+-----+--------+
         Total |   3545 |   3329 |    216 |    619 |   2115 |   4 |  886.2 |
       Dungeon |   3545 |   3329 |    216 |    619 |   2115 |   4 |  886.2 |
               +--------+--------+--------+--------+--------+-----+--------+

Top non-repeatable levels by time:
     D:1: 1001 daAuts
     D:3: 941 daAuts
     D:4: 876 daAuts
     D:2: 727 daAuts
